 Dungeon Crawl Stone Soup version 0.30.1-9-gdf580d7c3d (webtiles) character file.

Game seed: 9912026862269091586

5234 Zalbag the Thaumaturge (level 10, -11/75 HPs)
             Began as a Djinni Fire Elementalist on Oct 25, 2023.
             Was a Believer of Zin.
             Mangled by a slime creature (14 damage)
             ... on level 8 of the Dungeon.
             The game lasted 00:26:26 (9092 turns).

Zalbag the Thaumaturge (Djinni Fire Elementalist)   Turns: 9092, Time: 00:26:26

Health: -11/75     AC:  6    Str:  7    XL:     10   Next: 92%
Gold:   95         EV: 15    Int: 20    God:    Zin [**....] SH:  0 Dex: 15

rFire   + + .        r - +1 flail (protect)
rCold   x . .        (no shield)
rNeg    + + .        D - +1 robe "Erour" {rN++ SInv}
rPois   ∞            (no helmet)
rElec   .            I - +2 cloak
rCorr   .            (no gloves)
SInv    +            (boots unavailable)
Will    +....        (no amulet)
Stlth   ++           (no ring)
HPRegen 0.32/turn    (no ring)
MPRegen 0.00/turn

%: infuse magic (-12 HP)
@: attractive, flying
A: sickness immunity, fire resistance 2, cold vulnerability 1, float, innate
caster, HP casting, extra vitality 1
a: Renounce Religion, Recite, Vitalisation, Donate Gold


You were on level 8 of the Dungeon.
You worshipped Zin.
Zin was pleased with you.
You visited 2 branches of the dungeon, and saw 9 of its levels.

You collected 445 gold pieces.
You spent 243 gold pieces at shops.
You donated 107 gold pieces to Zin.

Inventory:

Hand Weapons
 d - a +0 dagger of electrocution
 r - a +1 flail of protection (weapon)
 u - a +1 trident of holy wrath
 v - a +1 dagger of venom
 E - a +4 great sword
Missiles
 b - 10 boomerangs
 o - 7 poisoned darts (quivered)
 s - 4 boomerangs of dispersal
 J - a curare-tipped dart
Armour
 a - a +0 robe
 D - the +1 robe "Erour" (worn) {rN++ SInv}
   (You found it on level 5 of the Dungeon)

   rN:        It greatly protects you from negative energy.
   SInv:      It lets you see invisible.
 I - a +2 cloak (worn)
Jewellery
 l - a ring of resist corrosion
 m - a ring of willpower
 C - an amulet of regeneration
 L - a ring of fire
Wands
 K - a wand of light (6)
Scrolls
 c - a scroll of teleportation
 e - a scroll of blinking {unknown}
 h - a scroll of noise {unknown}
 j - a scroll of vulnerability
 n - a scroll of enchant weapon {unknown}
 p - a scroll of torment {unknown}
 q - a scroll of poison {unknown}
 w - a scroll of brand weapon {unknown}
 x - a scroll of fear {unknown}
 y - a scroll of fog
 G - a scroll of identify
 M - a scroll of silence {unknown}
Potions
 f - 2 potions of berserk rage
 g - 4 potions of flight {unknown}
 i - 4 potions of curing
 t - a potion of lignification
 z - 2 potions of might {unknown}
 A - a potion of brilliance {unknown}
 B - a potion of haste {unknown}
 F - a potion of mutation {unknown}
 H - 2 potions of invisibility {unknown}


   Skills:
 + Level 7.5 Fighting
 - Level 3.3 Throwing
 - Level 7.0 Dodging
 - Level 1.5 Stealth
 * Level 9.0 Spellcasting


You knew the following spells:

 Your Spells              Type           Power      Damage    Failure   Level
a - Foxfire               Conj/Fire      100%       2x1d9     1%          1
b - Scorch                Fire           90%        2d9       1%          2
c - Volatile Blastmotes   Fire/Tloc      90%        2d17      1%          3
d - Inner Flame           Hex/Fire       45%        N/A       1%          3
e - Flame Wave            Conj/Fire      45%        2d12      1%          4
f - Kiss of Death         Conj/Necr      100%       2d13      1%          1
g - Static Discharge      Conj/Air       90%        2-6/arc   1%          2
h - Ignite Poison         Fire/Tmut/Pois 45%        N/A       1%          3
i - Animate Armour        Summ/Erth      90%        N/A       1%          4
Your spell library was empty.

Dungeon Overview and Level Annotations

Branches:
Dungeon (8/15)             Temple (1/1) D:7            Lair (0/5) D:8

Altars:
Ashenzari
Cheibriados
Dithmenos
Makhleb
Nemelex Xobeh
Okawaru
Qazlal
Ru
Wu Jian
Zin
The Shining One

Shops:
D:5 (

Annotations:
D:8 1 runed translucent door


Innate Abilities, Weirdness & Mutations

You are immune to sickness and miasma.
You are immune to poison.
Your flesh is very heat resistant. (rF++)
You are vulnerable to cold. (rC-)
You float through the air rather than walking.
You learn spells naturally, not from books.
Your magical power is your life essence.
You have superior vitality. (+4 MHP)


Message History

The boulder beetle is attracted toward you.
Casting: Scorch (safe; 1% risk of failure)
Confirm with . or Enter, or press ? or * to list all spells.
Flames lash the slime creature.
The slime creature is burned terribly!
The slime creature is heavily wounded.
The slime creature barely misses you.
Unknown command.
Casting: Scorch (safe; 1% risk of failure)
Confirm with . or Enter, or press ? or * to list all spells.
Flames lash the boulder beetle.
The boulder beetle is lightly wounded.
The boulder beetle's fire resistance burns away.
The slime creature closely misses you.
The boulder beetle leaps!
Unknown command.
Casting: Scorch (safe; 1% risk of failure)
Confirm with . or Enter, or press ? or * to list all spells.
Flames lash the elephant.
The elephant is burned terribly!
The elephant is moderately wounded.
The slime creature hits you.
* * * LOW HITPOINT WARNING * * *
Unknown command.
Okay, then.
The slime creature attacks as you move away!
The slime creature closely misses you.
The slime creature attacks as you move away!
The slime creature hits you!
* * * LOW HITPOINT WARNING * * *
The elephant is no longer more vulnerable to fire.
The slime creature attacks as you move away!
The slime creature hits you!
* * * LOW HITPOINT WARNING * * *
Things that are here:
a +0 ring mail; a +1 heavy scimitar The slime creature is no longer more vulnerable to fire.
The slime creature attacks as you move away!
The slime creature hits you.
* * * LOW HITPOINT WARNING * * *
The slime creature attacks as you move away!
The slime creature hits you!
You die...

### #.###############
##### #....YJ@.......<#
#.... #[###############
#.### #.#
###########.### #.#
#.............. #.#
#.#########.###
#.########## ######.###
#.#.....#######...>.....
#.#.....#≈#∩#≈#...Q#...#
#.#.....#≈≈_~≈#.........


You could see an elephant and a slime creature.

Vanquished Creatures
  A deep elf pyromancer (D:8)
  2 wyverns
  2 vampire mosquitoes (D:8)
  2 steam dragons (D:8)
  Menkaure (D:5)
  An acid dragon (D:6)
  3 water moccasins
  A black bear (D:4)
  A sky beast (D:6)
  2 ice beasts
  3 orc warriors
  2 ogres
  A centaur (D:8)
  A kobold brigand (D:8)
  3 bullfrogs
  A gnoll sergeant (D:7)
  2 scorpions (D:5)
  13 wights
  11 killer bees
  2 howler monkeys (D:5)
  A crimson imp (D:8)
  4 jellies
  A hound (D:6)
  Crazy Yiuf (D:6)
  5 orc priests
  2 iguanas
  7 orc wizards
  4 sleepcaps
  13 adders
  A shadow imp (D:7)
  An ufetubus (D:7)
  A worm (D:3)
  A dart slug (D:1)
  20 orcs
  5 ball pythons
  9 endoplasms
  3 giant cockroaches
  5 goblins
  8 hobgoblins
  9 jackals
  5 quokkas
  6 bats
  2 frilled lizards
  6 kobolds
  8 rats
  A spectral kobold (D:1)
184 creatures vanquished.

Vanquished Creatures (others)
  161 foxfires
161 creatures vanquished.

Grand Total: 345 creatures vanquished

Notes
Turn   | Place    | Note
-------+----------+-------------------------------------------
     0 | D:1      | Zalbag the Djinni Fire Elementalist began the quest for the
                  | Orb.
     0 | D:1      | Zalbag set off with the following spells memorised:
                  | Foxfire, Scorch, Volatile Blastmotes, Inner Flame, Flame
                  | Wave.
     0 | D:1      | Reached XP level 1. HP: 15/15 MP: 0/0
   122 | D:1      | Reached XP level 2. HP: 19/21 MP: 0/0
   290 | D:1      | Found a faded altar of an unknown god.
   295 | D:1      | Reached skill level 3 in Spellcasting
   857 | D:1      | Reached XP level 3. HP: 25/25 MP: 0/0
   857 | D:1      | Learned a level 1 spell: Kiss of Death
  1018 | D:2      | Reached skill level 1 in Fighting
  1018 | D:2      | Reached XP level 4. HP: 19/32 MP: 0/0
  1699 | D:3      | Reached XP level 5. HP: 32/37 MP: 0/0
  1699 | D:3      | Learned a level 2 spell: Static Discharge
  1735 | D:3      | Reached skill level 4 in Spellcasting
  2713 | D:3      | Found a snail-covered altar of Cheibriados.
  2717 | D:3      | Found a stormy altar of Qazlal.
  2721 | D:3      | Found a glowing golden altar of the Shining One.
  2805 | D:4      | Reached XP level 6. HP: 40/44 MP: 0/0
  3173 | D:4      | Reached XP level 7. HP: 13/49 MP: 0/0
  3173 | D:4      | Learned a level 3 spell: Ignite Poison
  3554 | D:4      | Reached skill level 5 in Spellcasting
  3863 | D:5      | Entered Level 5 of the Dungeon
  3964 | D:5      | Identified the +1 robe "Erour" {rN++ SInv}
  4045 | D:5      | Reached XP level 8. HP: 54/58 MP: 0/0
  4130 | D:5      | Found Miuzeth's Antique Weapon Shop.
  4229 | D:5      | Found an iron altar of Okawaru.
  4463 | D:5      | Reached skill level 6 in Spellcasting
  4504 | D:5      | Noticed Menkaure
  4513 | D:5      | Killed Menkaure
  4645 | D:5      | Identified the +0 robe of Sorcery {rN+}
  5108 | D:6      | Noticed a wyvern
  5115 | D:6      | Killed a wyvern
  5116 | D:6      | Reached skill level 5 in Dodging
  5305 | D:6      | Reached skill level 5 in Fighting
  5305 | D:6      | Reached XP level 9. HP: 59/65 MP: 0/0
  5305 | D:6      | Learned a level 4 spell: Animate Armour
  5344 | D:6      | Reached skill level 1 in Throwing
  5416 | D:6      | Reached skill level 7 in Spellcasting
  5808 | D:6      | Found a runed translucent door.
  5809 | D:6      | Noticed Crazy Yiuf
  5828 | D:6      | Killed Crazy Yiuf
  5862 | D:6      | Identified the +7 hammer of the Apocalypse {pain, Str+4
                  | Stlth-}
  6519 | D:7      | Found a glowing silver altar of Zin.
  6796 | D:7      | Became a worshipper of Zin the Law-Giver
  6796 | D:7      | Reached * piety under Zin
  6808 | D:7      | Reached XP level 10. HP: 55/72 MP: 0/0
  6911 | D:7      | Reached ** piety under Zin
  7128 | D:7      | Reached skill level 8 in Spellcasting
  7219 | D:7      | Found a staircase to the Ecumenical Temple.
  7266 | Temple   | Entered the Ecumenical Temple
  7329 | D:7      | Found a broken altar of Ashenzari.
  7331 | D:7      | Found a sparkling altar of Nemelex Xobeh.
  7332 | D:7      | Found an ornate altar of the Wu Jian Council.
  7333 | D:7      | Found a sacrificial altar of Ru.
  7334 | D:7      | Found a shadowy altar of Dithmenos.
  7606 | D:5      | Bought a slimy rapier for 243 gold pieces
  7606 | D:5      | Identified the +7 rapier "Keculac" {drain, *Noise +Blink
                  | rElec rC++} (You bought it in a shop on level 5 of the
                  | Dungeon)
  7608 | D:5      | Donated 63 gold pieces to Zin
  7806 | D:8      | Found a runed translucent door.
  7880 | D:8      | Found a burning altar of Makhleb.
  8440 | D:8      | Noticed a brown ugly thing
  8442 | D:8      | Noticed an entropy weaver
  8450 | D:8      | Found a staircase to the Lair.
  8450 | D:8      | Noticed an elephant
  8509 | D:8      | Noticed a cyclops
  8510 | D:8      | Noticed a tengu warrior
  8513 | D:8      | Noticed a boulder beetle
  8514 | D:8      | Noticed a manticore
  8538 | D:8      | Noticed a boulder beetle
  8544 | D:8      | Noticed a purple ugly thing
  8775 | D:8      | Noticed a deep elf pyromancer
  8806 | D:8      | Killed a deep elf pyromancer
  8807 | D:8      | Reached skill level 9 in Spellcasting
  9087 | D:8      | HP: 2/75 [slime creature (3)]
  9092 | D:8      | Mangled by a slime creature

Illustrated notes

Levels and vault maps discovered:
D:1:      lemuel_arrival_tunnels, layout_basic,
          dreamdust_ecumenical_altar_drowned_temple, patterned_corridor
D:2:      layout_basic
D:3:      layout_basic, grunt_temple_overflow_diamond
D:4:      layout_gridville
D:5:      layout_loops_ring, okawaru_ov_weapons_minmay, serial_shops, shop,
          uniq_menkaure
D:6:      layout_basic, minmay_chambers_of_fives, uniq_crazy_yiuf_cottage
D:7:      layout_rooms, amcnicky_altar_gilded, grunt_temple_overflow_open,
          minmay_temple_entry_tees, kennysheep_generic_room_5
D:8:      minmay_the_grid_four_pointed_star
          [minmay_the_grid_triangle_9x9_shrine,
          minmay_the_grid_triangle_9x9_checkered,
          minmay_the_grid_triangle_9x9_pentomino_pain,
          minmay_the_grid_triangle_9x9_subtriangle,
          minmay_the_grid_prize_four_corners], layout_basic,
          makhleb_grotto_becter, nicolae_sif_muna_little_library,
          david_lair_generic, nicolae_elevator_lobby_asterisk
Temple:   grunt_temple_mini_profane

Skill      XL: |  1  2  3  4  5  6  7  8  9 10 |
---------------+-------------------------------+-----
Spellcasting   | 3 4 5 6 7 9 |  9.0
Fighting       | 1 2 3 5 6 7 |  7.5
Dodging        | 3 4 5 6 7 |  7.0
Throwing       | 2 3 |  3.3
Stealth        | |  1.5

Action                     |  1- 3 |  4- 6 |  7- 9 | 10-12 || total
---------------------------+-------+-------+-------+-------++-------
  Melee: Short sword       |    45 |    13 |       |       ||    58
         Flail             |       |    80 |    26 |    11 ||   117
         Punch             |       |     1 |       |     1 ||     2
         Mace              |       |       |     7 |       ||     7
         Trident           |       |       |       |     7 ||     7
  Throw: Dart              |       |    22 |    26 |    11 ||    59
   Cast: Foxfire           |    21 |    24 |    30 |    21 ||    96
         Scorch            |     6 |    32 |    88 |    89 ||   215
         Volatile Blastmot |       |     5 |    15 |     3 ||    23
         Animate Armour    |       |       |     1 |       ||     1
         Flame Wave        |       |       |       |     1 ||     1
 Invoke: Donate Gold       |       |       |       |     1 ||     1
    Use: Scroll            |       |     1 |     7 |     4 ||    12
         Potion            |       |       |     1 |     2 ||     3
   Stab: Sleeping          |     4 |     3 |       |       ||     7
 Armour: Robe              |    13 |    25 |    14 |    29 ||    81
  Dodge: Dodged            |    30 |    88 |    59 |    81 ||   258
